 Dungeon Crawl Stone Soup version 0.20.1-1-g8b1a95d66d (webtiles) character file.

182 NullDivider the Grave Robber (level 5, -3/38 HPs)
             Began as a Mummy Necromancer on Dec 14, 2017.
             Slain by a gnoll
             ... wielding a +0 club
              (5 damage)
             ... on level 3 of the Dungeon.
             The game lasted 00:21:18 (3700 turns).

NullDivider the Grave Robber (Mummy Necromancer)    Turns: 3700, Time: 00:21:19

Health: -3/38      AC:  3    Str: 12    XL:     5   Next: 35%
Magic:  0/10       EV: 12    Int: 15    God:
Gold:   164        SH:  0    Dex: 12    Spells: 6/11 levels left

rFire    x . .     SeeInvis .   (no weapon)
rCold    + . .     Gourm    .   (no shield)
rNeg     + + +     Faith    .   g - +0 leather armour
rPois    ∞         Spirit   .   (no helmet)
rElec    .         Reflect  .   (no cloak)
rCorr    .         Harm     .   (no gloves)
MR       .....                  (no boots)
Stlth    ++........             (no amulet)
Regen    0.2/turn               (no ring)
MPRegen  0.2/turn               (no ring)

@: no status effects
A: no food or potions, fire vulnerability, cold resistance 1, negative energy
resistance 3, torment resistance, unbreathing
a: no special abilities


You were on level 3 of the Dungeon.
You were not hungry.

You visited 1 branch of the dungeon, and saw 4 of its levels.

You collected 164 gold pieces.

Inventory:

Armour
 a - a +0 robe
 g - a +0 leather armour (worn)
Wands
 j - a wand of paralysis (0/24)
Scrolls
 c - 6 scrolls of identify {unknown}
 d - 2 scrolls of remove curse {unknown}
 e - 2 scrolls of magic mapping {unknown}
 f - a scroll of blinking {unknown}
 h - a scroll of teleportation {unknown}
 i - 3 scrolls of amnesia {unknown}
 k - a scroll of fog {unknown}
Books
 b - a book of Necromancy

   Spells                             Type                      Level
   a - Pain                           Necromancy                   1
   b - Animate Skeleton               Necromancy                   1
   c - Vampiric Draining              Necromancy                   3
   d - Regeneration                   Charms/Necromancy            3
   e - Animate Dead                   Necromancy                   4
   f - Control Undead                 Necromancy                   4


   Skills:
 + Level 1.7 Fighting
 * Level 2.3 Dodging
 + Level 2.7 Stealth
 + Level 3.9 Spellcasting
 * Level 4.7 Necromancy


You had 6 spell levels left.
You knew the following spells:

 Your Spells              Type           Power        Failure   Level  Hunger
a - Pain                  Necr           ###.         3%          1    N/A
b - Vampiric Draining     Necr           ###.......   10%         3    N/A
c - Animate Skeleton      Necr           N/A          3%          1    N/A

Dungeon Overview and Level Annotations

Branches:
Dungeon (4/15)
 Temple: D:4-7

Altars:
Hepliaklqana
Trog


Innate Abilities, Weirdness & Mutations

You do not eat or drink.
Your flesh is vulnerable to fire.
You are immune to poison.
Your flesh is cold resistant. (rC+)
You are immune to negative energy. (rN+++)
You are immune to unholy pain and torment.
You can survive without breathing.


Message History

Aim: a gnoll, wielding a club (lightly wounded)
The gnoll is heavily wounded.
You feel life coursing into your body. The gnoll hits you with a club!
* * * LOW HITPOINT WARNING * * *
You hit the gnoll but do no damage.
The gnoll is heavily wounded.
The gnoll misses you.
You hit the gnoll.
The gnoll is severely wounded.
The gnoll barely misses you.
You hit the gnoll but do no damage.
The gnoll is severely wounded.
The gnoll barely misses you.
You hit the gnoll but do no damage.
The gnoll is severely wounded.
The gnoll hits you but does no damage.
You hit the gnoll.
The gnoll is severely wounded.
The gnoll hits you with a club.
You die...

##......##...### #
##......####.## #
#.......# #.# #
#..#.##.# #.# #
#....##.# ##'## #
#...###.###...## #
##...###.##.....## #
#........#.......## #
#...)@............####
#.....g...........'...
#....####.........####
#.#.## ##..!....## #
#†### ##.....## # #.#
##Z..## # #.# ##'## #
#.# #.# #
#.###########.# #


You could see a gnoll.

Vanquished Creatures
  Terence (D:3)
  6 gnolls
  3 adders
  2 oozes (D:3)
  2 worms
  An orc (D:2)
  7 bats
  3 giant cockroaches
  11 goblins
  7 hobgoblins
  9 kobolds
  A quokka (D:3)
  A ball python (D:1)
  4 frilled lizards (D:1)
  8 rats
66 creatures vanquished.

Vanquished Creatures (others)
  A wizard (D:3)
1 creature vanquished.

Grand Total: 67 creatures vanquished

Notes
Turn   | Place    | Note
-------+----------+-------------------------------------------
     0 | D:1      | NullDivider the Mummy Necromancer began the quest for the Orb.
     0 | D:1      | Reached XP level 1. HP: 13/13 MP: 4/4
   314 | D:1      | Reached XP level 2. HP: 16/20 MP: 3/5
   841 | D:1      | Reached skill level 1 in Fighting
  1021 | D:2      | Reached XP level 3. HP: 26/26 MP: 3/7
  1125 | D:2      | Learned a level 3 spell: Vampiric Draining
  1127 | D:2      | Learned a level 1 spell: Animate Skeleton
  2157 | D:3      | Noticed Terence
  2230 | D:3      | Killed Terence
  2230 | D:3      | Reached XP level 4. HP: 26/32 MP: 1/9
  2832 | D:3      | Found a hazy altar of Hepliaklqana.
  2954 | D:3      | Found a bloodstained altar of Trog.
  2956 | D:3      | Noticed a wizard
  2962 | D:3      | Killed a wizard
  3249 | D:3      | Reached XP level 5. HP: 29/37 MP: 0/10
  3695 | D:3      | HP: 1/38 [gnoll/club (7)]
  3700 | D:3      | Slain by a gnoll

Skill      XL: |  1  2  3  4 |
---------------+-------------+-----
Spellcasting   | 3 |  3.9
Fighting       | 1 |  1.7
Stealth        | 2 |  2.7
Dodging        | 2 |  2.3
Necromancy     | |  4.7

Action                   |  1- 3 |  4- 6 || total
-------------------------+-------+-------++-------
Melee: Unarmed           |    16 |    53 ||    69
 Cast: Pain              |    99 |    43 ||   142
       Animate Skeleton  |     7 |     1 ||     8
       Vampiric Draining |     3 |     8 ||    11
Evoke: Wand              |       |     2 ||     2
 Stab: Sleeping          |     1 |       ||     1
Armor: Robe              |     1 |       ||     1
       Leather armour    |    11 |     8 ||    19
Dodge: Dodged            |    24 |    36 ||    60
